Unix NetHack Version 5.0.0-0 post-release - last build May 3 2026 23:40:34 (9823c992c0763bbd039eca2974112f46eaf799b3,branch:main). Game began 2026-05-04 06:01:42, ended 2026-05-04 06:29:20. 08245982402, neutral female human Cavewoman -------- |.......# |......|# #........### ### #|....|.|# ###a## #--------####@a# ### ## ## #--.-- # # # #|...| #### ##### # # #|...| --|-.--- ## # # #|...---- # |......| ## # ## #|......-# |......| ### # # #|......|###### ----- |......| -----|---------# ###|......| #### |...-####.....<.| |..............# #|.{.---- ###-...| -------- |.....>....%..| #####|...| |...| |.............| #### #....| |>..| |..............####### ----- ----- --------------- 08245982402 the Aborigine St:15 Dx:15 Co:16 In:12 Wi:10 Ch:8 Neutral Dlvl:4 $:63 HP:0(38) Pw:22(22) AC:8 Xp:4 T:2090 Latest messages: The door opens. The cave spider bites! The cave spider bites! You hit the cave spider. The cave spider bites! The cave spider bites! You hit the cave spider. The cave spider misses! The cave spider bites! You hit the cave spider. The cave spider bites! The cave spider bites! You kill the cave spider! The cave spider bites! The cave spider bites! You hit the cave spider. The cave spider bites! You miss the cave spider. The cave spider bites! You miss the cave spider. The cave spider bites! You miss the cave spider. The cave spider bites! You hit the cave spider. The cave spider bites! You kill the cave spider! You see here a cave spider corpse. You have a little trouble lifting a cave spider corpse. Continue? [ynq] (q) n The giant ant bites! You hit the giant ant. The giant ant bites! The giant ant bites! The giant ant bites! You hit the giant ant. The giant ant bites! The giant ant bites! The giant ant bites! The giant ant bites! You miss the giant ant. The giant ant bites! The giant ant bites! The giant ant bites! You miss the giant ant. The giant ant bites! You die... Do you want your possessions identified? [ynq] (y) y Do you want to see your attributes? [ynq] (y) y Do you want an account of creatures vanquished? [ynaq] (y) y Do you want to see your conduct and achievements? [ynq] (y) y Do you want to see the dungeon overview? [ynq] (y) y Inventory: Coins ('$') $ - 63 gold pieces Weapons (')') w - 6 +0 arrows A - a +0 bow b - a +2 sling (weapon in right hand) u - a +0 elven dagger g - 2 +0 orcish daggers t - a +0 spear a - a burnt +1 club (alternate weapon; not wielded) Armor ('[') h - a blessed +0 orcish helm v - an uncursed +0 dwarvish cloak e - an uncursed +0 leather armor (being worn) Comestibles ('%') p - 5 uncursed food rations Scrolls ('?') r - an uncursed scroll of earth Potions ('!') k - an uncursed potion of fruit juice Rings ('=') f - an uncursed ring of free action o - an uncursed ring of shock resistance Gems/Stones ('*') c - 17 uncursed flint stones (in quiver pouch) d - 20 uncursed rocks 08245982402 the Cavewoman's attributes: Background: You were an Aborigine, a level 4 human Cavewoman. You were neutral, on a mission for Ishtar who was opposed by Anu (lawful) and Anshar (chaotic). You were right-handed. You were in the Dungeons of Doom, on level 4. You entered the dungeon 2090 turns ago. There was a full moon in effect when your adventure ended. You had 107 experience points, 53 more were needed to attain level 5. Basics: You had 0 out of 38 hit points. You had all 22 energy points (spell power). Your armor class was 8. Your wallet contained 63 zorkmids. Autopickup was off. Final Characteristics: Your strength was 15 (limit:18/100). Your dexterity was 15 (limit:18). Your constitution was 16 (limit:18). Your intelligence was 12 (limit:18). Your wisdom was 10 (limit:18). Your charisma was 8 (limit:18). Final Status: You weren't hungry. You were unencumbered. You were wielding a sling. You had basic skill with sling. Final Attributes: You were devoutly aligned. You were warded. You were lucky. You are dead. Miscellaneous: You didn't encounter any bones levels. Total elapsed playing time was 27 minutes and 36 seconds. Major events: Turn 1: 08245982402 the neutral human Cavewoman entered the dungeon 868: attained the rank of Aborigine (level 3) 2090: killed by a giant ant You didn't know any spells. Skills: Fighting Skills bare handed combat [Basic] Weapon Skills dagger [Unskilled] knife [Unskilled] axe [Unskilled] pick-axe [Unskilled] club [Basic] mace [Unskilled] morning star [Unskilled] flail [Unskilled] hammer [Unskilled] quarterstaff [Unskilled] polearms [Unskilled] spear [Unskilled] trident [Unskilled] bow [Unskilled] sling [Basic] boomerang [Unskilled] unicorn horn [Unskilled] Spellcasting Skills attack spells [Unskilled] matter spells [Unskilled] Voluntary challenges: Character rerolling was not enabled. You were illiterate. You never genocided any monsters. You never polymorphed an object. You never changed form. You used no wishes. Achievement: You attained the rank of Aborigine. The Dungeons of Doom: levels 1 to 4 Level 1: A fountain. Level 2: Level 3: Some fountains. Level 4: <- You were here. A fountain, a grave, some trees. Final resting place for you, killed by a giant ant. Vanquished creatures: a dwarf zombie 2 acid blobs a hobbit a large kobold a hobgoblin 3 giant rats 2 cave spiders 3 red molds a gnome a gnome zombie a gecko 3 jackals a fox 2 goblins a sewer rat a bat 3 lichens 2 newts 30 creatures vanquished. No species were genocided or became extinct. Game over: ---------- / \ / REST \ / IN \ / PEACE \ / \ | 08245982402 | | 63 Au | | killed by a | | giant ant | | | | | | 2026 | *| * * * | * _________)/\\_//(\/(/\)/\//\/|_)_______ Goodbye 08245982402 the Cavewoman... You died in The Dungeons of Doom on dungeon level 4 with 635 points, and 63 pieces of gold, after 2090 moves. You were level 4 with a maximum of 38 hit points when you died.